 Dungeon Crawl Stone Soup version 0.29-a0-356-g7bc237e783 (webtiles) character file.

Game seed: 12599854620165152463

2 spaghetti the Sneak (level 1, 10/20 HPs)
             Began as a Deep Dwarf Delver on Apr 26, 2022.
             Quit the game on level 4 of the Dungeon.
             The game lasted 00:00:26 (127 turns).

spaghetti the Sneak (Deep Dwarf Delver)              Turns: 127, Time: 00:00:27

Health: 10/20      AC:  3    Str: 15    XL:     1   Next: 25%
Magic:  1/1        EV: 12    Int: 10    God:
Gold:   0          SH:  0    Dex: 14    Spells: 0/0 levels left

rFire   . . .      SeeInvis .   a - +0 short sword {short}
rCold   . . .      Faith    .   (no shield)
rNeg    . . .      Spirit   .   b - +0 leather armour
rPois   .          Reflect  .   (no helmet)
rElec   .          Harm     .   (no cloak)
rCorr   .          Rampage  .   (no gloves)
Will    .....                   (no boots)
Stlth   +++.......              (no amulet)
HPRegen 0.00/turn               (no ring)
MPRegen 0.07/turn               (no ring)

@: no status effects
A: damage resistance, heal wounds, sense surroundings 1, no regeneration
a: Heal Wounds


You were on level 4 of the Dungeon.
You visited 1 branch of the dungeon, and saw 2 of its levels.


Innate Abilities, Weirdness & Mutations

You are resistant to damage.
You can heal yourself by infusing magical energy.
You passively map a small area around you.
You do not regenerate.


   Skills:
 - Level 2.6 Fighting
 - Level 1.7 Short Blades
 - Level 2.1 Dodging
 + Level 6.1 Stealth


You couldn't memorise any spells.
You didn't know any spells.
Your spell library was empty.

Inventory:

Hand Weapons
 a - a +0 short sword (weapon) {short}
Armour
 b - a +0 leather armour (worn)
Wands
 g - a wand of digging (3)
Scrolls
 c - a scroll of fog
 d - a scroll of magic mapping {!r}
 e - a scroll of fear
Potions
 f - a potion of haste {@q3}

Dungeon Overview and Level Annotations

Branches:
Dungeon (5/15)
 Temple: D:4-7

Altars:

Shops:
D:4

( , * , , * * # ,,
, . #. , ,,, ,,,
.. #.. , , , #...
*
#...#######(....*
*
##...#.....#.##..*
.....#.@)∩.#J....
*####.#.....#.##..
* .....#######.#
*, , #### , , # *
, * , , , , * * *
*


You could see an endoplasm.


Message History

🤖 Initializing magus.rc ...
Options error: Delay interrupt name "hungry" not recognised. (~/.crawlrc:4761) Options error: Bad monster_list_colour key: strict_neutral (~/.crawlrc:4776) ✅ Successfully initialized magus.rc [v1.9.6] Welcome, spaghetti the Deep Dwarf Delver.
The Orb of Zot is coveted for many reasons.
Will you seize it for your own?
Press ? for a list of commands and other information.
Found a scroll labelled USKUTI LEMMYKH.
Found a stone staircase leading down and a stone staircase leading up.
A dart slug comes into view.
You see here a scroll labelled USKUTI LEMMYKH.
A dart slug is nearby!
A dart slug is nearby!
A dart slug is nearby!
A dart slug is nearby!
An orc wizard and 2 orcs come into view.
The orc shouts!
An orc comes into view. It is wielding a +0 club.
An orc comes into view. It is wielding a +0 mace.
The orc attacks as you move away!
The orc hits you with a +0 war axe. 😕 HP[-4]
You take 4 damage, and now have 16/20 hp.
The orc attacks as you move away! The orc barely misses you.
The orc attacks as you move away! The orc hits you with a +0 war axe!
* * * LOW HITPOINT WARNING * * *
😨 HP[-6]
You take 6 damage, and now have 10/20 hp.
MASSIVE DAMAGE!! (PAUSE)
The orc attacks as you move away! The orc closely misses you.
There is a stone staircase leading up here.
The orc hits you but does no damage.
You climb upwards.
Found 23 stones.
Found Wewih's Weapon Emporium.
There is a stone staircase leading down here.
Unknown command.
Unknown command.
You closely miss the orc. The orc barely misses you.
You closely miss the orc. The orc closely misses you.
Okay, then.
You hit the orc. The orc barely misses you.
You hit the orc but do no damage. The orc closely misses you.
You hit the orc.
You kill the orc!
Things that are here:
a +0 war axe {axe}; a +0 leather armour
There is an entrance to Wewih's Weapon Emporium here.
Things that are here:
a +0 war axe {axe}; a +0 leather armour
There is a stone staircase leading down here.
You start waiting.
The endoplasm jiggles.
Done waiting.
Unknown command.
Are you sure you want to abandon this character and quit the game? (Confirm with "yes".)

Action                   || total
-------------------------++-------
Melee: Short sword       ||     5
Armor: Leather armour    ||     1
Dodge: Dodged            ||     6

Levels and vault maps discovered:
D:4:      layout_basic, nicolae_uskayaw_en_pointe, nicolae_take_the_stairs
D:5:      layout_cave_pools, mainiacjoe_overflow_chevrons,
          minmay_temple_entry_wispy

Notes
Turn   | Place    | Note
-------+----------+-------------------------------------------
     0 | D:5      | spaghetti the Deep Dwarf Delver began the quest for the
                  | Orb.
     0 | D:5      | Reached XP level 1. HP: 20/20 MP: 1/1
     0 | D:5      | magus.rc [v1.9.6]
     3 | D:5      | Noticed an orc wizard
    17 | D:4      | Found Wewih's Weapon Emporium.
   127 | D:4      | Quit the game

Vanquished Creatures
  An orc (D:4)
1 creature vanquished.

Table legend:
 A = Non-vault XP
 B = Vault XP
 C = Vault XP percentage of total XP
 D = Non-vault monster count
 E = Vault monster count
 F = Vault count percentage of total count
                 A         B        C        D         E       F
            +---------+---------+-------+---------+---------+-------
      Total |       3 |       0 |   0.0 |       1 |       0 |   0.0
            +---------+---------+-------+---------+---------+-------
        D:4 |       3 |       0 |   0.0 |       1 |       0 |   0.0
            +---------+---------+-------+---------+---------+-------

Illustrated notes

Table legend:
 A = Kills in this place as a percentage of kills in entire the game.
 B = Kills by you in this place as a percentage of kills by you in the entire game.
 C = Kills by friends in this place as a percentage of kills by friends in the entire game.
 D = Other kills in this place as a percentage of other kills in the entire game.
 E = Experience gained in this place as a percentage of experience gained in the entire game.
 F = Experience gained in this place divided by the number of levels of this place that you have seen.
                   A       B       C       D       E      F
               +-------+-------+-------+-------+-------+----------------------
         Total | 100.0 | 100.0 |   N/A |   N/A | 100.0 |   1.5
       Dungeon | 100.0 | 100.0 |   N/A |   N/A | 100.0 |   1.5
               +-------+-------+-------+-------+-------+----------------------

Table legend: (Time is in decaauts)
 A = Elapsed time spent in this place.
 B = Non-inter-level travel time spent in this place.
 C = Inter-level travel time spent in this place.
 D = Time resting spent in this place.
 E = Time spent auto-exploring this place.
 F = Levels seen in this place.
 G = Mean time per level.
                   A        B        C        D        E       F      G
               +--------+--------+--------+--------+--------+-----+--------+
         Total |    126 |    126 |      0 |    100 |      2 |   2 |   63.0 |
       Dungeon |    126 |    126 |      0 |    100 |      2 |   2 |   63.0 |
               +--------+--------+--------+--------+--------+-----+--------+

Top non-repeatable levels by time:
     D:4: 109 daAuts
     D:5: 17 daAuts
